[Event "Silves Open 2025"]
[Site "Fissul"]
[Date "2025.03.03"]
[Round "1.1"]
[White "Salas Munoz, Paulino Jose"]
[Black "Espinosa Aranda, Angel"]
[Result "0-1"]
[Annotator "TA"]
[ECO "B40"]
[WhiteElo "1915"]
[BlackElo "2442"]
[PlyCount "48"]
[EventDate "2025.03.03"]
[EventType "swiss"]
[EventCountry "POR"]
[SourceTitle "playchess.com"]
[Source "ChessBase"]
[SourceQuality "1"]
[TimeControl "5400+30"]

1. e4 c5 2. Nf3 a6 3. c4 e6 4. Nc3 Qc7 5. g3 Nc6 6. Bg2 {[%emt 0:02:25] B40: Sicilian: 2...e6, Unusual lines.} Nf6 7. O-O Be7 8. Re1 {[%emt 0:00:51] White is slightly better.} d6 9. d3 O-O 10. h3 Rb8 11. a4 Nd7 $146 ({Predecessor:} 11... Ne5 12. Bf4 Bd7 13. b3 Rfd8 14. Qc2 Nc6 15. Rad1 Nd4 16. Nxd4 cxd4 17. Ne2 b5 18. axb5 axb5 {½-½ Ribeiro,G (2183)-Elmi,S (2383) EU-ch U18 blitz 2024 (15)}) 12. Bg5 (12. d4 $11) 12... Bxg5 $15 13. Nxg5 h6 14. Nf3 Nde5 15. Nxe5 (15. Nh2 $15) 15... dxe5 $17 (15... Nxe5 16. b3 $11) 16. Qh5 Bd7 17. g4 {[%emt 0:14:30] [#]} (17. h4 $17) 17... Qd8 $1 $19 18. f4 Be8 (18... exf4 19. Qxc5 e5 20. Qf2 $17) 19. g5 (19. f5 $142) 19... f5 (19... exf4 20. gxh6 f5 (20... Qxd3 21. hxg7 Qd4+ 22. Kh1 $15) 21. Qf3 $17) 20. Qh4 exf4 (20... Qxd3 21. gxh6 Qd8 (21... Qxc4 22. hxg7 Kxg7 23. Rad1 $16) 22. Qxd8 Rxd8 23. hxg7 Kxg7 24. exf5 $11) 21. exf5 Rxf5 {[%emt 0:06:19] [#] Strongly threatening ...f3.} (21... hxg5 22. Qf2 Rxf5 (22... Qxd3 23. fxe6 Qf5 24. e7 $11) (22... exf5 $2 23. Nd5 $19) 23. Rxe6 $19) 22. Qf2 f3 (22... hxg5 23. Rxe6 Bf7 (23... Qxd3 24. Rd1 $17) 24. Re4 $19) ({Don't play} 22... Qxg5 23. Ne4 Qe7 24. Nd2 $19) (22... Rxg5 23. Qxf4 Nd4 (23... Qxd3 24. Rxe6 Rd8 25. Rf1 $19) 24. Rac1 $19) (22... Qxd3 23. Rad1 Qxc4 24. gxh6 $11) 23. Rxe6 (23. Bf1 $142) 23... Qxg5 (23... hxg5 $2 24. Re3 $19) 24. Rf1 fxg2 {[%emt 0:00:28] Weighted Error Value: White=1.01/Black=0.10 (very precise)   Mistake:       	White=5     	---        Inaccurate:     	White=5     	Black=1      OK:         	White=3     	Black=11} ({Less strong is} 24... Qxg2+ 25. Qxg2 fxg2 26. Rxf5 $17) 0-1

[Event "Silves Open 2025"]
[Site "Fissul"]
[Date "2025.03.03"]
[Round "1.3"]
[White "Santos, Jose P"]
[Black "Kuegel, Tobias"]
[Result "1-0"]
[Annotator "TA"]
[ECO "C02"]
[WhiteElo "2273"]
[BlackElo "2423"]
[PlyCount "139"]
[EventDate "2025.03.03"]
[EventType "swiss"]
[EventCountry "POR"]
[SourceTitle "playchess.com"]
[Source "ChessBase"]
[SourceQuality "1"]
[TimeControl "5400+30"]

1. e4 e6 2. d4 d5 3. e5 c5 4. c3 Nc6 5. Nf3 Qb6 6. Be2 cxd4 7. cxd4 Nh6 8. Nc3 Nf5 9. Bb5 Bd7 10. Bxc6 Bxc6 11. O-O {[%emt 0:00:15] C02: French: Advance Variation.} Rc8 12. a3 h6 $146 (12... Bb5 13. Re1 Rc4 14. Qb3 Ba4 15. Qxb6 axb6 16. Nxa4 Rxa4 17. b3 Ra6 18. g4 Ne7 19. b4 b5 20. Nd2 Nc6 21. Bb2 Be7 22. Nb3 b6 23. f4 Kd7 24. Rac1 Rc8 25. Re2 Ra7 {½-½ Tomassoni,L (1667)-Bandieramonte,G (1506) Varese op 19th 2022 (5)}) 13. Qd3 {[%emt 0:03:01] Black is slightly better.} Qb3 14. Nd2 Qb6 15. Nf3 a6 16. Rd1 Be7 17. b4 (17. g4 $11 Nh4 18. Nxh4 Bxh4 19. f4) 17... O-O $17 18. Rb1 Bb5 19. Nxb5 Qxb5 20. Bb2 Rc4 21. h3 Rfc8 22. Ne1 Bd8 23. Qd2 Bb6 24. Qf4 Qd7 25. g4 g5 26. Qd2 Nxd4 (26... Nh4 $17 27. Qd3 Qa4) 27. Qe3 $1 $11 {[%emt 0:05:07][%cal Rb2d4] [#]} Rc3 $1 28. Bxc3 {[%emt 0:01:05] [#]} Rxc3 29. Rd3 $132 {[%emt 0:00:05][%mdl 2048] White is fighting back} Rxd3 (29... Rc4 $6 30. Rbd1 $16) 30. Qxd3 Qc7 {[%emt 0:00:26] Prevents Rc1} 31. Nf3 Nxf3+ 32. Qxf3 Qxe5 {[%emt 0:00:37][%mdl 4096] Endgame KQR-KQB} 33. Rc1 Kg7 34. Kg2 Ba7 35. Rc8 Bb6 $2 (35... Bd4 $11 {and Black has nothing to worry.}) 36. Rc2 $2 (36. Re8 $18) 36... Qd6 37. Rd2 Bc7 38. Rc2 {[%emt 0:00:50] Strongly threatening Qc3+.} Bb6 39. Re2 Qc6 40. Rd2 Bc7 41. Rd1 Be5 42. Rh1 Bf4 43. Rd1 b5 (43... Qc4 {keeps more tension.} 44. Qd3 Kf6 45. Kf3 b5) 44. h4 Qc4 45. h5 (45. hxg5 $11 hxg5 46. Re1) 45... Be5 (45... d4 $17) 46. Re1 Bb2 47. Rd1 $2 (47. Re3 $1 $11) 47... Bf6 $2 ({Black should try} 47... Bxa3 $1 $19 48. Ra1 Bxb4 49. Rxa6 Bd2) 48. Rd3 Bd4 49. Qd1 e5 50. Rf3 $2 (50. Rd2 $11 {and White stays safe.}) 50... Qa2 $4 {[%emt 0:00:45][%mdl 8192] [#]} (50... e4 $19 {and life is good for Black.} 51. Rf5 f6) 51. Qd3 $18 Qc4 (51... Bb2 $142) 52. Qf5 Qc7 53. Qf6+ Kg8 {[%emt 0:00:31] and ...e4 would now be decisive} 54. Qxh6 {[%emt 0:00:23][%cal Of3f5] White wants to mate with Rf5!.} e4 55. Qxg5+ Kf8 56. Rf5 e3 57. fxe3 Qc2+ 58. Kh3 Qd3 {[%emt 0:01:11] [#]} 59. Rxf7+ $3 Kxf7 60. Qxd5+ Ke7 61. Qxd4 {[%emt 0:00:05] KQ-KQ. White is 3 pawns up. White mates.} Qf1+ 62. Kh4 Qh1+ 63. Kg5 Kf7 64. h6 Ke6 65. Qf6+ Kd5 66. Qf7+ Kd6 67. h7 Kc6 68. Qf6+ Kb7 69. h8=Q Qd5+ 70. Qe5 {[%emt 0:00:08] Weighted Error Value: White=0.25 (precise) /Black=0.74  Loses game:     	White=1     	Black=1      Missed win:     	White=1     	Black=2      Mistake:       	White=3     	Black=3      Inaccurate:     	White=5     	Black=3      OK:         	White=15    	Black=8      Best:        	White=1     	---        Strong:       	White=1     	---        Brilliant:      	---       	Black=2} 1-0

[Event "Silves Open 2025"]
[Site "Fissul"]
[Date "2025.03.03"]
[Round "1.6"]
[White "Alshameary Puente, Ismael"]
[Black "Pena, Helio Adelino Silva"]
[Result "1-0"]
[Annotator "TA"]
[ECO "E20"]
[WhiteElo "2343"]
[BlackElo "1842"]
[PlyCount "105"]
[EventDate "2025.03.03"]
[EventType "swiss"]
[EventCountry "POR"]
[SourceTitle "playchess.com"]
[Source "ChessBase"]
[SourceQuality "1"]
[TimeControl "5400+30"]

1. d4 Nf6 2. c4 e6 3. Nc3 Bb4 4. f3 h6 5. e4 d6 {[%emt 0:00:37] [#]} (5... c5 $14) 6. Bd3 $2 {[%emt 0:00:20] E20: Nimzo-Indian: 4 g3 and 4 f3.} (6. Qa4+ $1 $18 Nc6 7. d5) 6... Nbd7 $146 (6... c5 $11) (6... O-O 7. Nge2 e5 8. Be3 exd4 9. Nxd4 Bxc3+ 10. bxc3 Nbd7 11. g4 Ne5 12. Be2 Nh7 {1-0 Retamozo,K (1916)-Ishiguro,J Lima Morales Memorial op 3rd 2013 (1)}) 7. Nge2 c5 8. d5 {[%emt 0:00:46] White is slightly better.} Ne5 9. O-O exd5 10. cxd5 Nxd3 11. Qxd3 O-O 12. Ng3 Ba5 (12... Nd7 $11) 13. Bf4 Re8 ({Better is} 13... Ne8 $14) 14. Nb5 $16 Bc7 15. Rac1 (15. a4 $16) 15... Bb8 $14 16. a4 a6 17. Na3 Ba7 (17... Bd7 $14) 18. Kh1 Bb8 19. Qc3 ({White should try} 19. Qd2) 19... Bc7 20. b4 b6 21. bxc5 bxc5 22. Nc4 {[%emt 0:00:32] White has more active pieces.} g5 $2 {[%emt 0:10:21] A mistake that costs the game.} (22... Rb8 $16) 23. Bd2 $18 Bd7 24. Ra1 Rb8 25. Bc1 Nh7 26. Bb2 f6 27. Ne3 Ba5 28. Qc1 Qe7 29. Qc2 Rb7 30. Qe2 Reb8 31. Ngf5 Qf8 32. Qxa6 Bd2 {[%emt 0:09:10] [#] And now ...Rb6 would win.} 33. Bc1 $1 $36 {[%emt 0:00:06][%mdl 2048] Black is under strong pressure.} (33. Nxd6 Rxb2 34. Ndf5 R2b4 $19) 33... Rb6 34. Qd3 Ba5 35. Qe2 Bc3 36. Ra2 Rb4 37. Qc2 Be5 38. g3 Bd4 39. a5 Bb5 40. Re1 {[%emt 0:00:48] aiming for Bd2.} ({And not} 40. Bd2 Bxe3 41. Nxe3 Bxf1 42. Nxf1 (42. Bxb4 $2 {too greedy.} cxb4 43. Rb2 Bh3 $19) 42... Rb1 $14) 40... Ba6 (40... Bxe3 41. Nxe3 (41. Bxe3 Bd7 $18) 41... Ba6) 41. Nxd4 cxd4 (41... Rxd4 {was necessary.} 42. Ra3 Rdb4) 42. Nf5 Rc4 43. Qd2 Rbc8 44. Ba3 R4c5 45. Nxd4 Rc3 46. Re3 Rxe3 47. Qxe3 Qd8 48. Nc6 Qc7 (48... Qd7 $142 49. Rb2 Bb7) 49. Qb6 Bc4 50. Rc2 Bd3 {[%emt 0:00:20] [#]} 51. Ne7+ $1 {[%emt 0:00:32][%mdl 512] White mates.} Qxe7 52. Rxc8+ Nf8 53. Bxd6 {[%emt 0:00:12] Weighted Error Value: White=0.22 (precise) /Black=0.63  Loses game:     	---       	Black=1      Mistake:       	White=2     	Black=7      Inaccurate:     	White=3     	Black=4      OK:         	White=14    	Black=13     Best:        	White=2     	Black=4      Strong:       	White=1     	---} 1-0

[Event "Silves Open 2025"]
[Site "Fissul"]
[Date "2025.03.03"]
[Round "1.7"]
[White "Almeida, Marta Dias"]
[Black "Lux, Hugo de Melo"]
[Result "0-1"]
[Annotator "TA"]
[ECO "A70"]
[WhiteElo "1790"]
[BlackElo "2329"]
[PlyCount "62"]
[EventDate "2025.03.03"]
[EventType "swiss"]
[EventCountry "POR"]
[SourceTitle "playchess.com"]
[Source "ChessBase"]
[SourceQuality "1"]
[TimeControl "5400+30"]

1. d4 Nf6 2. c4 e6 3. Nf3 c5 4. d5 d6 5. Nc3 exd5 6. cxd5 g6 7. e4 Bg7 8. Bd3 a6 9. a4 Bg4 10. h3 Bxf3 11. Qxf3 O-O 12. Bf4 Qe7 13. O-O Nbd7 14. Rfe1 {[%emt 0:07:32] A70: Modern Benoni: 6 e4 g6 7 Nf3.} Nh5 {[%emt 0:04:44] Wards off Qg3} 15. Bh2 Ne5 16. Qe2 {[%emt 0:04:18] The position is equal.} (16. Qe3 {simplifies} Nxd3 17. Qxd3 Rfe8 18. g4) 16... Qg5 17. a5 $146 (17. Kh1 Nf4 18. Bxf4 Qxf4 19. g3 Qf3+ 20. Qxf3 Nxf3 21. Red1 Nd4 22. Rab1 Rac8 23. Kg2 {0-1 Aguilera,D (1699)-Savoretti,E (1922) Rosario Seniors op 2018 (1)}) 17... Rae8 18. Qe3 Qxe3 19. Rxe3 Bh6 20. Bxe5 $1 Rxe5 21. Ree1 Rfe8 22. g3 f5 23. Ra4 R5e7 24. Re2 f4 25. Kg2 (25. g4 f3 26. gxh5 fxe2 27. Bxe2 Bd2 $19) ({Better is} 25. e5 $15 fxg3 (25... dxe5 26. Ne4 $16) 26. exd6 gxf2+ 27. Kxf2 Rf7+ 28. Ke1) 25... Rf7 $17 {[%emt 0:06:13] [#]} 26. Rc2 fxg3 27. fxg3 Ref8 {[%emt 0:00:30] Hoping for ...Rf3. Black is much more active.} 28. e5 Rf3 $36 {[%emt 0:00:11][%mdl 2048] Black is on the roll.} (28... dxe5 29. Bc4 Kh8 30. Ne4 $16) 29. Be4 $2 (29. g4 $17 {nothing else works.} Rg3+ (29... Rxd3 30. gxh5 Bf4 31. Rxf4 $17) 30. Kh2) 29... Rxg3+ $19 30. Kh2 Bf4 {[%emt 0:00:17] [#] ( -> ...Rg5+)} ({Not} 30... dxe5 31. d6 $17) 31. Kh1 $2 (31. Ne2 Ra3+ 32. Nxf4 Rxa4 33. Nxh5 gxh5 34. Rg2+ Kh8 35. Bc2 Rxa5 36. e6) 31... Bxe5 {[%emt 0:01:05] Weighted Error Value: White=0.81/Black=0.18 (very precise)   Loses game:     	White=1     	---        Mistake:       	White=2     	---        Inaccurate:     	White=2     	Black=2      OK:         	White=2     	Black=6      Best:        	White=3     	Black=3      Strong:       	White=1     	---} 0-1

[Event "Silves Open 2025"]
[Site "Fissul"]
[Date "2025.03.03"]
[Round "1.8"]
[White "Fernandes, Antonio"]
[Black "Van Ginkel, Henk"]
[Result "1-0"]
[Annotator "TA"]
[ECO "B07"]
[WhiteElo "2326"]
[BlackElo "1811"]
[PlyCount "55"]
[EventDate "2025.03.03"]
[EventType "swiss"]
[EventCountry "POR"]
[SourceTitle "playchess.com"]
[Source "ChessBase"]
[SourceQuality "1"]
[TimeControl "5400+30"]

1. d4 d6 2. e4 Nf6 3. Nc3 g6 4. g3 Bg7 5. Bg2 O-O 6. Nge2 e5 7. h3 c6 8. a4 b6 {B07: Pirc Defence: Miscellaneous Systems.} 9. O-O Nbd7 10. Bg5 Qc7 {[%emt 0:02:03] The position is equal.} 11. Qd2 Ba6 $146 (11... Bb7 12. Rad1 Rfe8 13. Rfe1 a6 14. Bh6 b5 15. Bxg7 Kxg7 16. dxe5 dxe5 17. axb5 axb5 {0-1 Havasi,G (2393)-Manca,F (2397) Budapest FS06 GM 2017 (6)}) 12. Rfe1 Rfe8 13. Rad1 exd4 14. Nxd4 Ne5 15. b3 Nfd7 16. Be3 f6 (16... Nc5 $16) 17. f4 $18 Nf7 {[%emt 0:01:01] [#]} 18. e5 $1 fxe5 19. Nxc6 Rac8 20. Nb5 Bxb5 21. axb5 {[%emt 0:00:00][%csl Oc6][%cal Ba4b5,Bb5c6][%mdl 32] Strong Square White (c6)} Nb8 {[%emt 0:04:28] Black is weak on the light squares} 22. Bd5 $36 {[%emt 0:00:00][%mdl 2048] White has strong initiative. White has more active pieces.} Nxc6 23. bxc6 {[%emt 0:00:00][%csl Oc6] and fxe5 would now be decisive. White has a strong passed pawn. White plays on the queen side and is better} Rcd8 $2 (23... Kh8 24. b4 Rf8) 24. fxe5 {[%emt 0:00:00] White is clearly winning.} dxe5 25. Rf1 Rf8 26. Rxf7 Rxf7 27. Rf1 (27. Bxf7+ $142 Kxf7 28. Qxd8 Qxc6 29. Rd7+ (29. Qd7+ Qxd7 30. Rxd7+ Kf6 $18) 29... Qxd7 30. Qxd7+ Kf6 31. Bg5+ (31. Qxa7 g5 $18) 31... Kxg5 32. Qxg7) 27... Rdf8 28. Rd1 $2 {[%emt 0:00:00][%mdl 32768] Weighted Error Value: White=0.27 (precise) /Black=1.29 Loss on time!?  Mistake:       	---       	Black=2      Inaccurate:     	---       	Black=2      OK:         	White=4     	Black=8      Best:        	White=2     	---} (28. Rxf7 $18 Rxf7 29. Qf2 (29. Bxf7+ Kxf7 30. Qd5+ Kf6 $18)) 1-0

[Event "Silves Open 2025"]
[Site "Fissul"]
[Date "2025.03.03"]
[Round "1.9"]
[White "Albuquerque, Eduardo Ferreira"]
[Black "Serarols Mabras, Bernat"]
[Result "1-0"]
[Annotator "TA"]
[ECO "E01"]
[WhiteElo "1897"]
[BlackElo "2311"]
[PlyCount "49"]
[EventDate "2025.03.03"]
[EventType "swiss"]
[EventCountry "POR"]
[SourceTitle "playchess.com"]
[Source "ChessBase"]
[SourceQuality "1"]
[TimeControl "5400+30"]

1. d4 {[%emt 0:00:05] ChessBase II} Nf6 2. c4 e6 3. g3 d5 4. Nf3 Bb4+ 5. Bd2 Bd6 6. Bg2 Nbd7 7. Qc2 O-O 8. O-O c6 9. Bf4 Bxf4 10. gxf4 b6 {[%emt 0:00:20] E01: Catalan: Early deviations.} 11. Ne5 {[%emt 0:03:55] has lost popularity (11.cxd5).} Nxe5 12. dxe5 $146 ({Predecessor:} 12. fxe5 Ng4 13. Nd2 Ba6 14. cxd5 cxd5 15. Nf3 Nh6 16. Bh3 f5 17. Kh1 Kh8 18. Rg1 {½-½ Andreikin,D (2736)-Carlsen,M (2840) Tata Steel-A 79th 2017 (3)}) 12... Ng4 {[%emt 0:09:10] The position is equal.} 13. e3 a5 14. Rd1 Ba6 15. Nd2 Rc8 16. Rac1 Qh4 17. Nf3 {[%emt 0:00:25] Successful Defense White} Qh5 18. cxd5 cxd5 19. Qd2 Nh6 20. Rxc8 Rxc8 21. Rc1 Rb8 22. Rc7 Qf5 (22... Qg6 $1 $14) 23. Qc1 {[%emt 0:06:46] White is more active. Black is weak on the dark squares} g6 24. Nd4 Qd3 {[%emt 0:10:08][%mdl 8192] [#]} (24... Qh5 $16) 25. Rc3 {[%emt 0:01:47] Weighted Error Value: White=0.08 (flawless) /Black=0.54  Loses game:     	---       	Black=1      Mistake:       	---       	Black=1      Inaccurate:     	White=1     	Black=2      OK:         	White=7     	Black=2      Best:        	White=2     	---} 1-0

[Event "Silves Open 2025"]
[Site "Fissul"]
[Date "2025.03.03"]
[Round "1.11"]
[White "Ramos, Vitorino"]
[Black "Sanz Wawer, Daniel"]
[Result "0-1"]
[Annotator "TA"]
[ECO "E32"]
[WhiteElo "1792"]
[BlackElo "2283"]
[PlyCount "30"]
[EventDate "2025.03.03"]
[EventType "swiss"]
[EventCountry "POR"]
[SourceTitle "playchess.com"]
[Source "ChessBase"]
[SourceQuality "1"]
[TimeControl "5400+30"]

1. c4 e6 2. d4 Nf6 3. Nc3 Bb4 4. Qc2 O-O 5. e4 d5 6. cxd5 {[%emt 0:08:00] E32: Nimzo-Indian: Classical (4 Qc2): 4...0-0.} exd5 (6... c5 7. dxe6 cxd4 8. exf7+ Kh8) 7. e5 Ne4 {[%emt 0:01:42] ...c5 poses a challenge} 8. Bd3 {[%emt 0:03:36] The position is equal.} c5 {[%emt 0:04:17] [#] White must now prevent ...Nc6.} 9. a3 Bxc3+ (9... Ba5 {seems wilder.} 10. Nge2 cxd4 11. Nxd4 Bb6) 10. bxc3 cxd4 11. Bxe4 dxe4 12. Qxe4 Qa5 $146 {[%emt 0:10:43][%mdl 2048] Black has strong initiative.} (12... dxc3 13. Nf3 Nc6 14. O-O Qa5 15. Be3 Re8 16. Bd4 Nxd4 17. Qxd4 Be6 18. Rfc1 Rac8 {0-1 Duarte Cramer,L (1836)-Matveeva,O (2181) Titled Tuesday intern op 25th Feb Early blitz 2025 (3)}) 13. Qxd4 (13. Ne2 $17 {was the only chance.}) 13... Rd8 $2 ({Black should play} 13... Nc6 $19 14. Qe3 Nxe5 (14... Qxe5 15. Ne2 $17)) 14. Qe3 $15 Qd5 {[%emt 0:06:49][%csl Gd8][%cal Rd5d1][%mdl 1024] Black has compensation. Black is more active.} 15. Ne2 $2 {[%emt 0:08:13][%mdl 8192] [#]} (15. Qd4 $15) 15... Qd1# {[%emt 0:00:10] Weighted Error Value: White=0.94/Black=0.33  Loses game:     	White=1     	---        Missed win:     	---       	Black=1      Mistake:       	White=1     	---        Inaccurate:     	White=2     	Black=1      OK:         	White=2     	Black=2      Best:        	White=1     	Black=1} 0-1

[Event "Silves Open 2025"]
[Site "Fissul"]
[Date "2025.03.03"]
[Round "1.12"]
[White "Degardin, Sylvain"]
[Black "Mostafa, Hazem Farouk Mahmoud"]
[Result "1-0"]
[Annotator "TA"]
[ECO "B07"]
[WhiteElo "2309"]
[BlackElo "1769"]
[PlyCount "71"]
[EventDate "2025.03.03"]
[EventType "swiss"]
[EventCountry "POR"]
[SourceTitle "playchess.com"]
[Source "ChessBase"]
[SourceQuality "1"]
[TimeControl "5400+30"]

1. e4 d6 2. d4 Nf6 3. Nc3 g6 4. Be3 Bg7 5. Qd2 c6 6. a4 {[%emt 0:00:30][%cal Ba2a4,Ba4a5][%mdl 32] B07: Pirc Defence: Miscellaneous Systems.} Qc7 7. h3 Nbd7 8. Nf3 {[%emt 0:01:24] White is slightly better.} a6 9. a5 $146 (9. Bh6 O-O 10. Bxg7 Kxg7 11. Be2 Rd8 12. O-O Rb8 13. a5 Nf8 14. Nh2 c5 15. Bg4 {0-1 Apsega,V (1354)-Agafonov,Y (2077) Vilnius op-B 2023 (1)}) 9... e5 10. dxe5 (10. Bc4 $5) 10... dxe5 ({Better is} 10... Nxe5 $14 11. Nxe5 dxe5) 11. Bc4 $16 O-O 12. O-O {[%emt 0:00:30] White has more active pieces.} b5 13. axb6 Nxb6 14. Bb3 Rd8 15. Qe2 {[%emt 0:00:30] and Ng5 would now be decisive} c5 16. Ra5 c4 {[%emt 0:00:30] [#]} 17. Ba2 Nfd7 (17... Nh5 $16) 18. Nd2 $18 Bf8 19. Nxc4 Bb4 (19... Nxc4 $142 20. Qxc4 Qxc4 21. Bxc4 Nf6) 20. Nd5 Nxd5 21. Rxd5 Bb7 22. Rdd1 Bxe4 23. Bg5 {[%emt 0:00:30][%csl LRd8,LRe4] Prevents Be7.} Bc6 24. Bxd8 Rxd8 {[%emt 0:00:30] [#]} 25. Nxe5 $1 Nxe5 26. Rxd8+ (26. Qxa6 $2 {loses.} Ra8 27. Bxf7+ Kxf7 $19 (27... Nxf7 $2 28. Qc4 $19) (27... Qxf7 $2 28. Qxa8+ Bxa8 29. Rd8+ Bf8 30. Rxa8 $19)) 26... Qxd8 27. Qxe5 Qd6 28. Qxd6 Bxd6 {[%emt 0:00:30][%cal Bb4d6,Bd6e5,Be5b2][%mdl 4128] Endgame KRB-KB} 29. Bc4 Be5 30. c3 Bb5 (30... a5 $142 31. Ra1 a4) 31. Bxb5 axb5 32. Rd1 b4 33. cxb4 Bxb2 34. b5 {[%emt 0:00:30] Threatening mate with b6.} Kf8 35. b6 Ke8 36. b7 {[%emt 0:00:30] Weighted Error Value: White=0.04 (flawless) /Black=0.91  Mistake:       	---       	Black=4      Inaccurate:     	White=1     	Black=2      OK:         	White=15    	Black=7      Best:        	White=2     	---} 1-0

[Event "Silves Open 2025"]
[Site "Fissul"]
[Date "2025.03.03"]
[Round "1.13"]
[White "Rogge, Marloes"]
[Black "Goncalves, Samuel Jesus P"]
[Result "0-1"]
[Annotator "TA"]
[ECO "B13"]
[WhiteElo "1761"]
[BlackElo "2280"]
[PlyCount "120"]
[EventDate "2025.03.03"]
[EventType "swiss"]
[EventCountry "POR"]
[SourceTitle "playchess.com"]
[Source "ChessBase"]
[SourceQuality "1"]
[TimeControl "5400+30"]

1. e4 c6 2. d4 d5 3. exd5 cxd5 4. Nf3 Nc6 5. Be2 Bf5 6. c3 {[%emt 0:00:30] B13: Caro-Kann: Exchange Variation and Panov-Botvinnik Attack.} Qc7 (6... e6 $11) 7. O-O $14 e6 8. Nbd2 (8. Nh4 $14) 8... Bd6 $11 9. Re1 Nge7 10. Nf1 O-O 11. Bd3 $146 (11. Ng3 Bg6 12. Nh4 Rab8 13. Nxg6 Nxg6 14. Bf3 b5 15. Bd2 Rfc8 16. Rb1 b4 17. Rc1 {0-1 Mathiot,J (1565)-Arcelin,G (1923) Cappelle Online Blitz op 1st 2021 (3)}) 11... Bg6 12. Ne3 Rae8 13. Ng4 f6 14. Nh4 (14. Bxg6 $11 Nxg6 15. Bd2) 14... Bxd3 15. Qxd3 f5 16. Ne5 (16. Nh6+ $2 Kh8 17. Qh3 Qd7 $19 (17... gxh6 $2 18. Rxe6 Ng8 19. Rxe8 $19)) 16... Nxe5 (16... Bxe5 $17 17. dxe5 f4 (17... Nxe5 $2 18. Qg3 $18)) 17. dxe5 Bc5 18. Nf3 (18. b4 $5 Bb6 $8 19. a4 $16) 18... Ng6 19. a4 a6 20. a5 f4 21. h4 (21. b4 $14 Be7 22. b5) 21... Rf5 $1 $17 22. Qe2 Qe7 {[%emt 0:00:30] Black is more active.} 23. b4 Ba7 24. Ba3 (24. c4 $17 {might work better.}) 24... Nxh4 $19 25. b5 Nxf3+ 26. Qxf3 {[%emt 0:00:30] [#]} Qh4 27. b6 {[%emt 0:00:30] [#]} Bb8 28. Bd6 Qd8 $2 ({Black should try} 28... Rd8 $19 29. Bxb8 Rxb8) 29. c4 Bxd6 $17 {[%emt 0:00:30] Black continues to play with concentration.} (29... dxc4 30. Qxb7 Bxd6 31. exd6 Qxd6 32. Rad1 $16 (32. Qxa6 $2 Qc6 $19)) 30. exd6 Qxd6 (30... dxc4 31. Qxb7 Qxd6 32. Rad1 $18 (32. Qxa6 $2 {loses.} Qc6 $19)) 31. cxd5 Qxd5 32. Qxd5 (32. Re4 $17) 32... Rxd5 {[%emt 0:00:30][%mdl 4096] Endgame KRR-KRR. Black is two pawns up.} 33. Rec1 Re7 34. f3 Kf7 35. Kf1 e5 36. Ke2 Ke6 37. Rh1 h6 38. Rhc1 Kf5 39. Ra4 Red7 40. Raa1 (40. Ra2 $142) 40... e4 $19 41. fxe4+ Kxe4 42. Rc4+ Kf5 43. Kf3 g5 44. g4+ fxg3 45. Kxg3 h5 46. Rf1+ Kg6 {[%emt 0:00:30] aiming for ...h4+.} 47. Ra1 (47. Rf8 $142 Rxa5 48. Rg8+ Kf5 (48... Rg7 49. Rxg7+ Kxg7 50. Rc7+ Kf6 51. Rxb7 $17) 49. Rf8+ Ke6 50. Rc3) 47... h4+ 48. Kg2 Kh5 49. Kf3 Rb5 50. Rc8 Rf7+ 51. Kg2 (51. Ke2 $142) 51... Kg4 $2 (51... Rb2+ 52. Kg1 Rff2) 52. Ra4+ $2 (52. Rg1) 52... Rf4 53. Ra1 h3+ $2 (53... Rb2+ 54. Kg1 Rfb4) 54. Kg1 $2 (54. Kh1) 54... Kg3 (54... Rbf5 $142 {( -> ...Kg3)} 55. Rg8 Kh4) 55. Rc7 Rbf5 56. Rc3+ Rf3 57. Rxf3+ Rxf3 58. Rc1 Ra3 59. Kh1 g4 (59... Rxa5 $142 60. Kg1 Rb5 61. Kh1 g4 (61... Rxb6 $2 62. Rg1+ Kh4 63. Rc1 $19) 62. Kg1 Rxb6 63. Rd1 Rb3 64. Kh1 a5 65. Kg1 a4 66. Kh1 a3 67. Rg1+ Kh4 68. Re1 a2 69. Kg1 Rb1 70. Kf2 a1=Q (70... a1=R {is a self mate.} 71. Re2 h2 72. Re8 Rf1+ 73. Ke3 Rae1+ 74. Kd3 Rxe8 75. Kc4 h1=Q 76. Kc5 Qc6+ 77. Kb4 Rb1+ 78. Ka5 Re5#) (70... g3+ 71. Ke3 Rxe1+ 72. Kd3 a1=Q 73. Kc4 h2 74. Kc5 h1=Q 75. Kb4 Qc6 76. Kb3 Qcc3#) 71. Rxb1 Qxb1 (71... g3+ 72. Ke3 Qxb1 73. Kf4 h2 74. Ke5 h1=Q 75. Kd6 Qc6+ 76. Ke7 Qh7+ 77. Kf8 Qc8#) 72. Ke3 h2 73. Ke2 h1=Q (73... h1=B 74. Ke3 Qe4+ 75. Kd2 Qc4 76. Kd1 Bf3+ 77. Kd2 Kg3 78. Ke3 Qc3#) 74. Ke3 Qhe4+ 75. Kf2 g3#) 60. Rg1+ Kh4 {[%emt 0:00:30] Weighted Error Value: White=0.64/Black=0.32  Missed win:     	---       	Black=1      Mistake:       	White=10    	Black=3      Inaccurate:     	White=3     	Black=2      OK:         	White=8     	Black=16     Best:        	White=2     	Black=5      Strong:       	---       	Black=1} 0-1